 Dungeon Crawl Stone Soup version 0.19-a0-1341-g3513869 (webtiles) character file.

62 4thArraOfDagon the Ruffian (level 3, -2/31 HPs)
             Began as a Troll Ice Elementalist on Sept 1, 2016.
             Slain by a gnoll (8 damage)
             ... on level 4 of the Dungeon.
             The game lasted 00:02:55 (758 turns).

4thArraOfDagon the Ruffian (Troll Ice Elementalist)  Turns: 758, Time: 00:02:56

Health: -2/31      AC:  5    Str: 16    XL:     3   Next: 85%
Magic:  3/3        EV: 10    Int: 12    God:
Gold:   96         SH:  0    Dex: 10    Spells: 1 memorised, 3 levels left

rFire  . . .     SeeInvis .       - Unarmed
rCold  . . .     Gourm    +     a - +0 robe
rNeg   . . .     Faith    .     (no shield)
rPois  .         Spirit   .     (helmet restricted)
rElec  .         Dismiss  .     (no cloak)
rCorr  +         Reflect  .     (gloves unavailable)
MR     .....     Harm     .     (boots unavailable)
Stlth  +.........               (no amulet)
                                (no ring)
                                f - ring of resist corrosion

@: lethally poisoned (-2 -> -2)
A: unfitting armour, claws 3, fast metabolism 3, gourmand, regeneration 1,
shaggy fur 1, tough skin 2
a: no special abilities


You were on level 4 of the Dungeon.
You were not hungry.

You visited 1 branch of the dungeon, and saw 4 of its levels.

You collected 96 gold pieces.

Inventory:

Armour
 a - a +0 robe (worn)
Jewellery
 f - a ring of resist corrosion (left claw)
Scrolls
 d - a scroll of identify {unknown}
 e - 3 scrolls of blinking {unknown}
 i - a scroll of random uselessness {unknown}
 k - a scroll of amnesia {unknown}
 m - 3 scrolls of teleportation {unknown}
Potions
 g - 2 potions of haste {unknown}
 h - a potion of curing {unknown}
 j - a potion of cancellation {unknown}
 l - a potion of heal wounds {unknown}
 n - a potion of brilliance {unknown}
Books
 b - a book of Frost

   Spells                             Type                      Level
   a - Freeze                         Ice                          1
   b - Throw Frost                    Conjuration/Ice              2
   c - Ozocubu's Armour               Charms/Ice                   3
   d - Throw Icicle                   Conjuration/Ice              4
   e - Summon Ice Beast               Ice/Summoning                4
Comestibles
 c - a bread ration


   Skills:
 - Level 1.5 Dodging
 - Level 1.1 Stealth
 * Level 3.5 Unarmed Combat
 - Level 1.2 Spellcasting
   Level 0.6 Conjurations
 - Level 2.1 Ice Magic


You had 3 spell levels left.
You knew the following spells:

 Your Spells              Type           Power        Failure   Level  Hunger
a - Freeze                Ice            #...         12%         1    ##.....


Dungeon Overview and Level Annotations

Branches:
Dungeon (4/15)
 Temple: D:4-7

Altars:
Zin


Innate Abilities, Weirdness & Mutations

You are too large for most types of armour.
You have claws for hands.
Your metabolism is lightning-fast.
You like to eat raw meat.
Your natural rate of healing is unusually fast.
You are covered in fur. (AC +1)
You have very tough skin. (AC +2)


Message History

You kill the adder!
You feel sick.
You scratch the gnoll.
The gnoll is heavily wounded.
The gnoll closely misses you. The giant newt barely misses you.
You scratch the gnoll but do no damage.
The gnoll is heavily wounded.
The gnoll hits you.
* * * LOW HITPOINT WARNING * * *
The giant newt bites you but does no damage.
You feel sick.
You scratch the gnoll.
The gnoll is severely wounded.
You feel sick. The gnoll hits you.
* * * LOW HITPOINT WARNING * * *
You are too injured to fight recklessly!
You scratch the gnoll but do no damage.
The gnoll is severely wounded.
The gnoll hits you!
You die...

...## ##............ ....#
##............. ..<.##
#.............. .....## #.#
##.............. ......# #(#
#.....[......... ......# #.#
##....<......... ......# ##.#
####............ ......#
#..######............... ...<..#
#......@gl...##.......##
......####.......#########....##
.....###.....##### #.###
.........#.### ..# ....######..#
.# .#### ##.# ## .# # .. #.#


You could see a gnoll and a giant newt.

Vanquished Creatures
  A gnoll (D:4)
  2 adders
  An ooze (D:1)
  2 worms
  A dart slug (D:1)
  4 bats
  2 giant cockroaches
  3 goblins
  3 hobgoblins
  A giant newt (D:2)
  A kobold (D:2)
  A quokka skeleton (D:4)
  4 rats
26 creatures vanquished.

Notes
Turn   | Place    | Note
-------+----------+-------------------------------------------
     0 | D:1      | 4thArraOfDagon the Troll Ice Elementalist began the quest for the Orb.
     0 | D:1      | Reached XP level 1. HP: 16/16 MP: 1/1
    26 | D:1      | Reached skill level 1 in Unarmed Combat
    77 | D:1      | Reached XP level 2. HP: 19/24 MP: 2/2
   110 | D:1      | Reached skill level 2 in Unarmed Combat
   451 | D:2      | Found a glowing silver altar of Zin.
   457 | D:2      | Reached XP level 3. HP: 31/31 MP: 3/3
   516 | D:2      | Reached skill level 3 in Unarmed Combat
   606 | D:3      | Paralysed by fainting for 5 turns
   758 | D:4      | Slain by a gnoll

Vault maps used:
D:1:      mrwooster_arrival_statue, serial_park_tiny_pond,
          minmay_misc_feat_more_columns
D:2:      nicolae_overflow_hidden_temple
D:3:      minitemple, portal_sewer_entry_f, uniq_robin, uniq_sigmund
D:4:      nicolae_dithmenos_through_a_glass_darkly, first_bread

Skill      XL: |  1  2  3 |
---------------+----------+-----
Unarmed Combat | 1 2 3 |  3.5
Dodging        | |  1.5
Stealth        | |  1.1
Spellcasting   | |  1.2
Conjurations   | |  0.6
Ice Magic      | |  2.1

Action                   || total
-------------------------++-------
Melee: Unarmed           ||    95
       Punch             ||     1
  Eat: Bread ration      ||     1
Armor: Robe              ||    43
Dodge: Dodged            ||    57
